 Dungeon Crawl Stone Soup version 0.27-a0-808-g60bc5d9 (webtiles) character file.

Game seed: 2935340398369708791

45 2tousent the Insei (level 3, 0/28 HPs)
             Began as a Djinni Transmuter on Mar 28, 2021.
             Slain by a gnoll
             ... wielding a +0 halberd
              (12 damage)
             ... on level 2 of the Dungeon.
             The game lasted 00:05:04 (1436 turns).

2tousent the Insei (Djinni Transmuter)              Turns: 1436, Time: 00:05:04

Health: 0/28       AC:  2    Str: 10    XL:     3   Next: 64%
Gold:   43         EV: 12    Int: 14    God:
                   SH:  0    Dex: 13

rFire    + + .     SeeInvis .     - Unarmed
rCold    x . .     Faith    .   (no shield)
rNeg     . . .     Spirit   .   a - +0 robe
rPois    ∞         Reflect  .   (helmet currently unavailable)
rElec    .         Harm     .   (no cloak)
rCorr    .         Rampage  .   (no gloves)
Will     .....                  (boots unavailable)
Stlth    +.........             (no amulet)
HPRegen  0.09/turn              (no ring)
MPRegen  0.00/turn              (no ring)

@: appendages (expiring), wereblooded, flying
A: horns 2, flying, fire resistance 2, cold vulnerability 1, float, innate
caster, hp casting, extra vitality 1
a: End Transformation


You were on level 2 of the Dungeon.
You had temporarily grown beastly horns.
You visited 1 branch of the dungeon, and saw 2 of its levels.

You collected 43 gold pieces.

Inventory:

Armour
 a - a +0 robe (worn)
Potions
 b - a potion of might
 c - a potion of attraction {unknown}
 d - a potion of curing {unknown}
 e - a potion of haste {unknown}
 f - a potion of degeneration {unknown}


   Skills:
 + Level 1.8 Fighting
 + Level 2.5 Dodging
 + Level 3.6 Unarmed Combat
 * Level 2.1 Spellcasting


You couldn't memorise any spells.
You knew the following spells:

 Your Spells              Type           Power      Damage    Failure   Level
a - Beastly Appendage     Tmut           14%        N/A       10%         1
b - Wereblood             Tmut           7%         N/A       14%         2
c - Spider Form           Tmut/Pois      3%         N/A       28%         3
d - Ice Form              Ice/Tmut       7%         N/A       67%         4
e - Blade Hands           Tmut           3%         N/A       95%         5
f - Summon Small Mammal   Summ           28%        N/A       10%         1
Your spell library was empty.

Dungeon Overview and Level Annotations

Branches:
Dungeon (2/15)

Altars:


Innate Abilities, Weirdness & Mutations

You have temporarily grown beastly horns.
You are flying.
You are immune to poison.
Your flesh is very heat resistant. (rF++)
You are vulnerable to cold. (rC-)
You float through the air rather than walking.
You learn spells naturally, not from books.
Your magical power is your life essence.
You have superior vitality. (+4 HP)


Message History

a +0 club; a stone; a kobold skeleton
Found an escape hatch in the ceiling.
Found a stone staircase leading up.
A gnoll comes into view. It is wielding a +0 club.
The gnoll shouts!
You hear a shout! x2
A gnoll comes into view. It is wielding a +0 spear.
You start waiting.
A gnoll is nearby!
You start waiting.
A gnoll is nearby!
A gnoll is nearby!
A gnoll is nearby!
A gnoll is nearby!
Casting: Beastly Appendage (safe; 10% risk of failure)
Confirm with . or Enter, or press ? or * to list all spells.
You grow a pair of large bovine horns.
Casting: Beastly Appendage (safe; 10% risk of failure)
Confirm with . or Enter, or press ? or * to list all spells.
Your blood is infused with primal strength.
You hit the gnoll.
The gnoll is moderately wounded.
The gnoll hits you with a +0 club.
You hit the gnoll.
The gnoll is heavily wounded.
The gnoll hits you with a +0 club.
You barely miss the gnoll.
The gnoll is heavily wounded.
The gnoll barely misses you.
You hit the gnoll.
You kill the gnoll!
A gnoll comes into view. It is wielding a +0 halberd.
You see here a +0 club.
Your transformation is almost over.
Casting: Wereblood (safe; 14% risk of failure)
Confirm with . or Enter, or press ? or * to list all spells.
Your rat bites the gnoll.
Your rat bites the gnoll but does no damage.
Casting: Summon Small Mammal (safe; 10% risk of failure)
Confirm with . or Enter, or press ? or * to list all spells.
The gnoll hits you from afar with a +0 halberd!
You die...

#......#.)....#.#
#......###..###.#
#......#
#..###.###
#......#
#........#
#......#
##.####..#
####.### #.# #..#
###.#### #.# #..#
#...b..#
#.####..#
#..@...#
#.#<....#
#......#
#.#####.#
#..g...#
#.......#
#..r...#
#########
#......# ###.####
#.##### #)#...
#.#.#####.


You could see a gnoll (ally target), a friendly bat (summoned) and a friendly
rat (summoned).

Vanquished Creatures
  A gnoll (D:2)
  A worm (D:2)
  A dart slug (D:1)
  2 bats (D:1)
  2 endoplasms
  3 giant cockroaches (D:1)
  3 goblins (D:1)
  2 hobgoblins
  4 jackals (D:1)
  A kobold (D:2)
  2 ball pythons (D:1)
  A frilled lizard (D:1)
  4 rats (D:1)
27 creatures vanquished.

Notes
Turn   | Place    | Note
-------+----------+-------------------------------------------
     0 | D:1      | 2tousent the Djinni Transmuter began the quest for the Orb.
     0 | D:1      | Reached XP level 1. HP: 17/17 MP: 0/0
     0 | D:1      | Noticed an iron dragon
     2 | D:1      | Noticed an iron dragon
     3 | D:1      | Noticed an ice dragon
     5 | D:1      | Noticed an orb of fire
     5 | D:1      | Noticed an ice dragon
     7 | D:1      | Noticed a green draconian
     8 | D:1      | Noticed a tentacled monstrosity
     9 | D:1      | Noticed a purple draconian
    10 | D:1      | Noticed an orb of fire
    14 | D:1      | Noticed an ice dragon
    16 | D:1      | Noticed an iron dragon
    16 | D:1      | Noticed a yellow draconian
    16 | D:1      | Noticed an ice dragon
    18 | D:1      | Noticed an ice dragon
    18 | D:1      | Noticed a black draconian
    18 | D:1      | Noticed an orb of fire
    20 | D:1      | Noticed an orb of fire
   104 | D:1      | Reached XP level 2. HP: 11/22 MP: 0/0
   779 | D:1      | Reached XP level 3. HP: 20/28 MP: 0/0
   779 | D:1      | Learned a level 1 spell: Summon Small Mammal
  1436 | D:2      | Slain by a gnoll

Illustrated notes

Levels and vault maps discovered:
D:1:      shiori_arrival_whats_in_store_for_you, layout_rooms,
          grunt_decor_one_mirror, roderic_roman_lattice
D:2:      layout_basic, roderic_serpentine_path, kennysheep_decorative_pillar,
          uniq_sigmund, uniq_natasha

Skill      XL: |  1  2  3 |
---------------+----------+-----
Spellcasting   | 2 |  2.1
Fighting       | |  1.8
Dodging        | |  2.5
Unarmed Combat | |  3.6

Action                   || total
-------------------------++-------
Melee: Unarmed           ||    94
       Headbutt          ||    18
 Cast: Beastly Appendage ||    15
       Wereblood         ||     3
       Summon Small Mamm ||     2
  Use: Potion            ||     1
       Scroll            ||     2
 Stab: Sleeping          ||     1
Armor: Robe              ||    17
Dodge: Dodged            ||    74

Table legend: (Time is in decaauts)
 A = Elapsed time spent in this place.
 B = Non-inter-level travel time spent in this place.
 C = Inter-level travel time spent in this place.
 D = Time resting spent in this place.
 E = Time spent auto-exploring this place.
 F = Levels seen in this place.
 G = Mean time per level.
                   A        B        C        D        E       F      G
               +--------+--------+--------+--------+--------+-----+--------+
         Total |   1429 |   1429 |      0 |      6 |   1196 |   2 |  714.5 |
       Dungeon |   1429 |   1429 |      0 |      6 |   1196 |   2 |  714.5 |
               +--------+--------+--------+--------+--------+-----+--------+

Top non-repeatable levels by time:
     D:1: 1071 daAuts
     D:2: 358 daAuts
